 Dungeon Crawl Stone Soup version 0.14-a0-1097-gc7db7fc (webtiles) character file.

258 4tharraofdagon the Chopper (level 4, -3/35 HPs)
             Began as a Djinni Berserker on Nov 27, 2013.
             Was a Believer of Trog.
             Shot with an arrow by a centaur (18 damage)
             ... on Level 5 of the Dungeon.
             The game lasted 00:03:50 (814 turns).

4tharraofdagon the Chopper (Djinni Berserker)        Turns: 814, Time: 00:03:50

HP  -3/35        AC  2     Str 19      XL: 4   Next: 64%
MP   0/0         EV 12     Int  7      God: Trog [**....]
Gold 146         SH  0     Dex 12      Spells:  0 memorised,  3 levels left

rFire  + + +     SeeInvis .     f - +2 war axe
rCold  x . .     Clarity  .     b - +0 animal skin
rNeg   + + +     Conserve .     (no shield)
rPois  .         rCorr    .     (no helmet)
rElec  .         rRot     .     (no cloak)
SustAb . .       Spirit   .     (no gloves)
rMut   .         Warding  .     (boots unavailable)
Saprov . . .     Stasis   .     (no amulet)
                                (no ring)
                                (no ring)

@: flying, slightly resistant to hostile enchantments, unstealthy
A: fire immunity, cold vulnerability, life protection 3
a: Burn Spellbooks, Berserk, Trog's Hand, Renounce Religion


You were on level 5 of the Dungeon.
You worshipped Trog.
Trog was pleased with you.
You were not hungry.

You visited 1 branch of the dungeon, and saw 5 of its levels.

You collected 146 gold pieces.

Inventory:

Hand weapons
 a - a +0,+0 hand axe
 f - a +2,+2 war axe (weapon)
 i - a +0,+0 dagger
Armour
 b - a +0 animal skin (worn)
Scrolls
 c - 2 scrolls of teleportation {unknown}
 d - a scroll of enchant weapon II {unknown}
 e - a scroll of fear {unknown}
 g - a scroll of identify {unknown}
 h - a scroll of recharging {unknown}
 j - a scroll of curse armour {unknown}
 k - a scroll of enchant armour {unknown}


   Skills:
 + Level 3.4 Fighting
 * Level 3.8 Axes
 + Level 3.4 Armour
 - Level 1.7 Dodging


You had 3 spell levels left.
You didn't know any spells.

Dungeon Overview and Level Annotations

Branches:
Dungeon (5/16)
 Temple: D:4-7

Altars:


Innate Abilities, Weirdness & Mutations

You are immune to all types of fire, even holy and hellish.
You are vulnerable to cold.
You need no food.
You have no legs.
You are immune to negative energy.


Message History

You kill the hobgoblin!
Trog accepts your kill.
No target in view!
No target in view!
Things that are here:
a club; a hobgoblin corpse You offer a prayer to Trog.
The hobgoblin corpse is slowly consumed by flames.
Trog is pleased with you.
Found a bread ration.
Found a bread ration.
Found a bubbling white potion.
A centaur comes into view.
The centaur shouts!
The centaur wields a bow.
The centaur shoots an arrow.
The arrow hits you!
You see here an arrow.
The centaur shoots an arrow.
The arrow misses you.
The centaur shoots an arrow.
The arrow hits you!
Ouch! That really hurt!
You die...

#....########.
#....# #....#
#....# #....#
#....# #....#
#######.(..#####
#......@.......c.
#.##############


You could see a centaur.

Vanquished Creatures
  2 crimson imps (D:5)
  A hound skeleton (D:5)
  A gnoll (D:4)
  2 bats
  2 giant cockroaches
  4 hobgoblins
  A quokka (D:4)
  2 giant newts
  4 goblins
  A hobgoblin skeleton (D:4)
  3 rats
23 creatures vanquished.

Notes
Turn   | Place    | Note
--------------------------------------------------------------
     0 | D:1      | 4tharraofdagon, the Djinni Berserker, began the quest for the Orb.
     0 | D:1      | Reached XP level 1. HP: 16/16 MP: 0/0
    40 | D:1      | Ladykiller69: why not Gl?
   254 | D:2      | Reached XP level 2. EP: 22/22
   317 | D:1      | Ladykiller69: the regen is nice but is it worth trog wrath later on?
   486 | D:4      | Acquired Trog's second power
   486 | D:4      | Reached skill level 3 in Fighting
   529 | D:4      | 4tharraofdagon: i wont convert
   529 | D:4      | 4tharraofdagon: why would i
   529 | D:4      | 4tharraofdagon: im djinni
   529 | D:4      | Ladykiller69: because makh>trog
   529 | D:4      | 4tharraofdagon: not on djinni
   529 | D:4      | 4tharraofdagon: in hells/pan/zot
   529 | D:4      | Ladykiller69: ?
   529 | D:4      | 4tharraofdagon: immune to fire
   529 | D:4      | 4tharraofdagon: rn+++
   529 | D:4      | 4tharraofdagon: what else do i need
   529 | D:4      | 4tharraofdagon: what will hurt me
   529 | D:4      | 4tharraofdagon: in extended
   529 | D:4      | 4tharraofdagon: i need good weapons
   529 | D:4      | 4tharraofdagon: and regen
   529 | D:4      | 4tharraofdagon: thats all
   637 | D:5      | Entered Level 5 of the Dungeon
   646 | D:5      | Reached XP level 3. EP: 21/29
   672 | D:5      | Reached XP level 4. EP: 28/35
   813 | D:5      | Noticed a centaur
   814 | D:5      | Shot with an arrow by a centaur

Action                   |  1- 3 |  4- 6 || total
-------------------------+-------+-------++-------
Melee: Hand axe          |    14 |       ||    14
       War axe           |    35 |    21 ||    56
 Stab: Sleeping          |     1 |       ||     1
